Map: [ESL] Alcyone

Players

Scarlett

  • Race: Zerg Zerg
  • Spawn Location: 7:00

Astrea - Winner!

  • Race: Protoss Protoss
  • Spawn Location: 1:00

Event: ESL SC2 Masters 2024 Spring (Regional)

VOD

Have the link to the VOD?

Description

Time

  • Played on: May 5, 2024, 11:58 a.m.
  • Length: 12:53

All games in this series

Show
View Real Time Build Order
Export as new Build Order

Scarlett Zerg 

Build Orders: Hatch First, Lurkers 

Get SALT Encoding   

  12  0:00  Drone  
  13  0:12  Overlord  
  13  0:16  Drone  
  14  0:30  Drone x2  
  16  0:39  Drone  
  17  0:53  Drone  
  17  0:56  Drone  
  19  1:00  Hatchery  
  18  1:10  Drone  
  19  1:12  Extractor  
  19  1:16  Spawning Pool  
  17  1:23  Drone  
  18  1:29  Drone  
  19  1:39  Drone  
  20  1:49  Drone  
  21  2:01  Overlord  
  21  2:11  Queen  
  21  2:12  Queen  
  21  2:13  Zergling x2, Metabolic Boost  
  21  2:15  Zergling x2  
  27  2:23  Drone x2  
  29  2:36  Drone x2  
  31  2:43  Drone  
  31  2:44  Hatchery  
  31  2:47  Queen  
  33  2:54  Overlord  
  33  3:00  Zergling x2  
  34  3:11  Drone  
  34  3:12  Drone  
  36  3:16  Queen  
  38  3:21  Drone x6  
  43  3:32  Overlord  
  43  3:37  Overlord  
  43  3:38  Drone  
  43  3:39  Spore Crawler  
  43  3:44  Overlord  
  43  3:50  Queen  
  43  3:52  Drone x5  
  43  3:54  Evolution Chamber  
  49  3:57  Spore Crawler  
  49  4:00  Drone x3  
  51  4:03  Drone x2  
  51  4:08  Queen  
  54  4:17  Drone x5  
  54  4:20  Zerg Melee Weapons Level 1  
  54  4:23  Zergling x2  
  54  4:24  Zergling x4  
  62  4:31  Drone x5  
  62  4:37  Overlord  
  68  4:38  Drone x3  
  68  4:55  Spore Crawler, Drone  
  68  4:57  Zergling x10, Hatchery  
  72  5:01  Overlord x2  
  72  5:18  Drone  
  72  5:19  Overlord x2, Drone  
  72  5:21  Lair  
  73  5:24  Overlord, Extractor  
  73  5:26  Extractor  
  73  5:27  Overlord  
  71  5:29  Drone x7  
  71  5:32  Extractor  
  71  5:33  Drone x4  
  71  5:34  Extractor  
  81  5:42  Drone  
  81  5:43  Drone x2  
  81  5:46  Queen, Hatchery  
  83  5:51  Drone x2  
  83  5:53  Drone x3  
  83  5:54  Zergling x2, Extractor  
  88  5:58  Zergling x10  
  93  6:06  Zergling x6  
  96  6:12  Drone  
  96  6:14  Zergling x6  
  100  6:27  Infestation Pit, Drone x10  
  100  6:30  Zerg Melee Weapons Level 2  
  109  6:39  Drone x7  
  116  6:40  Spore Crawler  
  116  6:42  Hydralisk Den  
  114  6:49  Zergling x8  
  118  6:54  Overlord x7  
  118  6:59  Drone x3  
  120  7:04  Overlord x2  
  120  7:06  Hive  
  120  7:19  Drone  
  120  7:21  Lurker Den, Drone  
  120  7:22  Drone x2  
  123  7:23  Extractor x2  
  123  7:24  Drone x4  
  123  7:26  Hydralisk x7  
  123  7:27  Spine Crawler  
  138  7:30  Muscular Augments  
  138  7:37  Overlord  
  138  7:38  Spire  
  138  7:39  Hydralisk x3  
  143  7:44  Drone  
  143  7:45  Drone  
  143  7:51  Drone x3  
  148  7:54  Spine Crawler  
  148  7:55  Overlord  
  148  7:58  Zergling x24  
  159  8:10  Zergling x6  
  159  8:11  Zergling x10  
  166  8:15  Evolution Chamber  
  166  8:16  Overseer  
  166  8:19  Seismic Spines  
  165  8:21  Lurker  
  165  8:22  Lurker x8  
  172  8:27  Extractor  
  172  8:30  Spore Crawler, Drone x3  
  172  8:31  Spine Crawler, Drone x3, Extractor  
  174  8:34  Adrenal Glands  
  174  8:44  Zerg Missile Weapons Level 1  
  174  8:46  Baneling Nest  
  174  8:47  Zerg Melee Weapons Level 3  
  174  8:48  Drone x2  
  174  8:51  Hatchery  
  174  8:52  Hydralisk  
  174  8:53  Hydralisk, Zergling x8  
  182  9:01  Greater Spire  
  182  9:12  Hydralisk x4  
  182  9:14  Zergling x20  
  182  9:16  Adaptive Talons  
  200  9:17  Unknown  
  200  9:20  Grooved Spines  
  199  9:26  Pneumatized Carapace  
  199  9:27  Overseer x3  
  190  9:46  Centrifugal Hooks  
  182  9:54  Lurker  
  182  9:55  Lurker x5  
  182  9:57  Zergling x2, Baneling x6  
  182  9:58  Zergling x24  
  194  10:23  Hydralisk x2, Zergling x2  
  194  10:27  Zerg Flyer Weapons Level 1  
  199  10:28  Spire  
  199  10:34  Zergling x6  
  190  10:43  Hydralisk x7  
  127  11:05  Drone x29  
  148  11:16  Drone x9  
  148  11:17  Drone x4  
  150  11:21  Queen x4  
  150  11:22  Queen  
  151  11:31  Extractor  
  151  11:32  Hydralisk x9  
  150  11:34  Drone  
  150  11:39  Drone x4  
  171  11:42  Lurker x6  
  177  11:59  Corruptor x6, Viper x2  
  193  12:20  Hydralisk x11  
  193  12:21  Zergling x2  
  151  12:33  Zergling x2  
Show
View Real Time Build Order
Export as new Build Order

Astrea Protoss - Winner!

Build Orders: 1 Gate Expand, Oracle Opening, Archon Immortal 

Get SALT Encoding   

  12  0:00  Probe  
  13  0:12  Probe  
  14  0:18  Pylon  
  14  0:24  Probe (Chrono Boost)  
  15  0:36  Probe (Chrono Boost)  
  15  0:40  Gateway  
  16  0:45  Probe (Chrono Boost)  
  16  0:47  Assimilator  
  17  0:51  Probe  
  18  1:03  Probe  
  19  1:15  Probe  
  20  1:24  Nexus  
  20  1:28  Probe  
  21  1:38  Cybernetics Core  
  21  1:44  Assimilator  
  21  1:45  Probe  
  22  1:54  Pylon  
  22  1:58  Probe  
  23  2:12  Probe (Chrono Boost)  
  23  2:14  Adept  
  26  2:21  Probe (Chrono Boost)  
  26  2:22  Stargate  
  27  2:26  Probe (Chrono Boost)  
  28  2:30  Warp Gate  
  28  2:36  Probe (Chrono Boost)  
  29  2:38  Probe (Chrono Boost)  
  30  2:44  Adept  
  30  2:46  Probe (Chrono Boost)  
  30  2:47  Probe (Chrono Boost)  
  30  2:51  Probe (Chrono Boost)  
  34  2:53  Probe  
  36  3:03  Probe  
  36  3:05  Probe  
  42  3:13  Void Ray  
  42  3:15  Probe  
  42  3:17  Probe  
  44  3:31  Nexus  
  44  3:33  Pylon  
  44  3:35  Probe  
  44  3:37  Probe  
  46  3:49  Oracle (Chrono Boost)  
  46  3:51  Probe x2  
  51  4:00  Twilight Council  
  51  4:01  Assimilator  
  51  4:02  Gateway  
  51  4:03  Probe  
  51  4:07  Gateway  
  51  4:08  Probe  
  53  4:15  Probe  
  54  4:23  Gateway  
  54  4:25  Pylon  
  54  4:30  Blink (Chrono Boost), Gateway  
  54  4:42  Probe x2  
  54  4:43  Probe  
  57  4:54  Stalker, Probe x2  
  57  4:55  Probe, Shield Battery  
  62  5:02  Forge  
  62  5:04  Stalker x2  
  62  5:06  Probe x2  
  68  5:07  Probe  
  69  5:17  Stalker  
  69  5:19  Probe x3  
  72  5:23  Stalker  
  72  5:26  Pylon  
  72  5:27  Protoss Ground Weapons Level 1 (Chrono Boost)  
  74  5:30  Pylon  
  74  5:31  Probe x2  
  74  5:32  Probe  
  77  5:37  Assimilator  
  77  5:44  Probe x2  
  77  5:45  Stalker x3  
  77  5:49  Nexus  
  85  5:51  Probe  
  85  5:56  Probe x2  
  88  5:57  Pylon  
  88  5:59  Pylon  
  88  6:03  Probe  
  89  6:06  Assimilator x2  
  89  6:08  Probe  
  89  6:09  Charge  
  89  6:10  Pylon, Probe  
  91  6:15  Probe  
  91  6:16  Templar Archives  
  92  6:18  Gateway  
  92  6:21  Probe  
  92  6:22  Probe  
  94  6:26  Shield Battery  
  94  6:27  Probe  
  95  6:33  Probe  
  95  6:34  Probe  
  95  6:39  Probe  
  98  6:41  Photon Cannon  
  98  6:42  Pylon  
  98  6:45  Probe  
  98  6:46  Psionic Storm, Probe  
  100  6:47  Pylon  
  100  6:51  Probe  
  100  6:53  High Templar x2  
  100  6:54  High Templar  
  107  6:57  Assimilator, Probe  
  107  6:58  Probe  
  109  7:01  Protoss Ground Weapons Level 2 (Chrono Boost)  
  109  7:02  Assimilator  
  109  7:03  Probe x2  
  111  7:09  Probe  
  111  7:10  Probe  
  111  7:11  Forge  
  111  7:14  Gateway  
  114  7:15  Probe x2  
  114  7:16  Pylon  
  114  7:21  Probe  
  114  7:22  High Templar x2, Gateway x2  
  120  7:23  Probe  
  120  7:24  Gateway  
  120  7:27  Zealot x3  
  127  7:30  Robotics Facility  
  126  7:38  Pylon  
  126  7:40  Pylon, Robotics Facility  
  126  7:44  Zealot  
  126  7:48  Photon Cannon  
  126  7:50  Zealot x3  
  134  7:55  Pylon  
  134  7:56  Protoss Ground Armor Level 1 (Chrono Boost)  
  134  8:00  Pylon x2  
  134  8:04  Nexus  
  134  8:15  High Templar x2  
  134  8:16  Zealot x5  
  134  8:17  Shield Battery  
  148  8:20  Photon Cannon  
  148  8:25  Observer (Chrono Boost)  
  148  8:26  Immortal (Chrono Boost)  
  148  8:33  Fleet Beacon  
  153  8:39  Pylon, Photon Cannon  
  153  8:40  Shield Battery  
  153  8:41  Immortal (Chrono Boost), Protoss Air Weapons Level 1 (Chrono Boost)  
  153  8:46  High Templar x4  
  165  8:51  Archon  
  165  8:52  Pylon, Archon  
  165  8:55  Assimilator  
  165  9:01  Immortal  
  169  9:04  Oracle (Chrono Boost)  
  172  9:12  Protoss Ground Weapons Level 3 (Chrono Boost)  
  172  9:19  Immortal  
  172  9:23  Photon Cannon  
  176  9:24  Photon Cannon  
  176  9:25  Photon Cannon  
  180  9:39  Zealot x10  
  180  9:41  Mothership (Chrono Boost)  
  200  10:13  Stargate x2  
  200  10:16  Gateway  
  200  10:18  Gateway  
  200  10:20  Gateway  
  196  10:24  Gateway  
  200  10:38  Zealot  
  199  10:45  Zealot x5  
  199  10:46  Zealot  
  191  10:57  Probe (Chrono Boost)  
  185  10:59  Probe (Chrono Boost)  
  185  11:00  Probe x2 (Chrono Boost)  
  185  11:01  Probe  
  185  11:03  Probe  
  182  11:04  Immortal  
  182  11:09  Pylon, Probe  
  182  11:11  Cybernetics Core, Probe x2  
  184  11:13  Probe  
  184  11:15  Cybernetics Core, Probe  
  184  11:17  Pylon, Immortal  
  172  11:20  Photon Cannon  
  172  11:21  Probe  
  172  11:22  Photon Cannon  
  172  11:23  High Templar x5, Probe x2  
  172  11:24  High Templar x3  
  172  11:25  Probe  
  182  11:27  Pylon  
  182  11:28  Pylon, Archon x4, Probe  
  182  11:31  Photon Cannon  
  171  11:33  Probe  
  171  11:37  Photon Cannon  
  171  11:38  Photon Cannon  
  172  11:41  Photon Cannon  
  172  11:42  High Templar x2  
  172  11:44  Immortal  
  172  11:46  Photon Cannon  
  180  11:59  Immortal  
  180  12:37  Zealot x10  
Tags
 
Add a new tag
Caveats
  • Supply blocks, unpowered buildings, or Contaminate may cause inaccurate times.
  • Supply counts are checked every 10 seconds.